Linden, chaotic male elven Priest ---- |..------------- |............<.| |...---------..| --- ---.--- ---- ----------------.---- |...| -......................---- ---.--- ---------......*.....|---|...| ----------.%---......-|..---.--- -......F>S@...W.*........|...||...| ..............(................../S..-----...---.--..----.----- ------- --------------......----.- --.-- |......|.|.....| -.... |.. --- ---.--.........-- ..... ... |.............| --. ...- |--..........-- -- -.... --............| .... --............)| ....- -..............-- ..... |....--.|.--.....| |..|. |..-- ---------.-- ----- --- --- Linden the Acolyte Experience level: 3 Strength: 12 Dexterity: 12 Constitution: 13 Intelligence: 10 Wisdom: 20 Charisma: 9 Health: 0(25) Energy: 45(45) Def: 3 Gold: 150 Moves: 1372 Dungeon seed: RKZhYhmqiSZsFM2c Game ID: Linden_1615467577 Your Inventory: Coins $ - 150 gold pieces Weapons a - a blessed +1 mace (weapon in hand) j - 11 cursed +0 elven arrows y - a +0 crossbow (alternate weapon; not wielded) z - 10 +0 crossbow bolts (in quiver) Armor e - a +0 robe (being worn) n - a +0 small shield (being worn) Comestibles c - a clove of garlic d - 2 sprigs of wolfsbane l - 6 food rations s - 2 lembas wafers w - a cram ration Scrolls x - a cursed scroll of punishment Spellbooks f - a spellbook of identify g - a spellbook of cure sickness i - a spellbook of healing Potions b - 4 potions of holy water m - a potion of sleeping r - 2 potions of water Rings o - a ring of cold resistance (on left hand) Wands k - a wand of probing (0:6) Tools h - a bugle Spells and supernatural/magical abilities: Name Level Category Fail Memory I - identify 3 divination 55% 94% K - cure sickness 3 healing 50% 94% W - pray for help -- divine ? -- X - turn undead -- divine ? -- Your skills at the end: Fighting Skills Weapon Skills mace [Basic] Spellcasting Skills clerical spells [Basic] Final Attributes: You were piously aligned. You were cold resistant. You had infravision. You are dead. Vanquished creatures: an iguana 2 acid blobs a hobbit 2 giant rats a gnome a gecko 5 jackals a fox 4 sewer rats a grid bug 5 lichens 3 kobold zombies 6 newts 33 creatures vanquished. Voluntary challenges: You used a wielded weapon 30 times, starting on turn 1. You read items or engraved 1 time, starting on turn 76. You never genocided any monsters. You never polymorphed an object. You never changed form. You used no wishes. You never split a pudding. You never wrote Elbereth's name. You never violated your personal moral code. Dungeon overview: The Dungeons of Doom: levels 1 to 3 Level 1 a sink a long staircase Level 2 a delicatessen, some fountains Level 3 an altar to Camaxtli, a fountain stairs to The Gnomish Mines The Gnomish Mines: Level 4 <- You were here stairs to The Dungeons of Doom History has recorded: On T:1 you entered the Dungeons of Doom to retrieve the Amulet of Yendor! On T:332 you reached level 2 of The Dungeons of Doom. On T:556 you advanced to experience level 2. On T:924 you reached level 3 of The Dungeons of Doom. On T:1116 you advanced to experience level 3. On T:1289 you reached level 1 of The Gnomish Mines. Score breakdown: Gold: 150 ( 7412 points) Experience: 3 levels ( 7878 points) Exploration: 4 levels ( 8.33%) ( 7579 points) Discoveries: 0 items ( 0.00%) ( 0 points) Valuables value: (no points given unless you survive) Artifact value: 0 ( 0 points) Variety of kills: 13 monsters ( 3.41%) ( 5541 points) Turncount: 1372 turns ( 0 points) Survival: died (score multiplied by 80%) Total score: 22728 Latest messages: Qwerty misses Ash's ghost. The dwarf thrusts his broad short sword. The dwarf just misses! Qwerty misses Ash's ghost. You miss the dwarf. Qwerty misses Ash's ghost. You miss the dwarf. Qwerty misses Ash's ghost. The dwarf thrusts his broad short sword. The dwarf misses. Qwerty misses Ash's ghost. (2x) Ash's ghost touches you! Qwerty misses Ash's ghost. (2x) You miss the dwarf. Qwerty misses Ash's ghost. You miss the dwarf. Qwerty misses Ash's ghost. The dwarf thrusts his broad short sword. The dwarf hits! Qwerty misses Ash's ghost. You hear some noises in the distance. You see here a kitten corpse. The garter snake bites! (2x) A garter snake was hidden under a candle! The garter snake bites! (2x) You die... Final status: Goodbye Linden the Priest, killed by a garter snake... You died in The Gnomish Mines on dungeon level 4 with 22728 points, and 150 pieces of gold, after 1372 moves. You were level 3 with a maximum of 25 hit points when you died.